 Dungeon Crawl Stone Soup version 0.30-a0-862-g1aabd4f9c5 (webtiles) character file.

Game seed: 6218516910908991081

10164 NinjaNoafa the Thaumaturge (level 11, -1/105 HPs)
             Began as a Black Draconian Earth Elementalist on Mar 9, 2023.
             Was an Elder of Sif Muna.
             Slain by an acid dragon (13 damage)
             ... on level 11 of the Dungeon.
             The game lasted 00:27:37 (10095 turns).

NinjaNoafa the Thaumaturge (DrEE)                  Turns: 10095, Time: 00:27:38

Health: -1/105     AC: -6    Str:  8    XL:     11   Next: 32%
Magic:  21/28      EV: 11    Int: 20    God:    Sif Muna [****..]
Gold:   662        SH:  0    Dex: 12    Spells: 14/26 levels left

rFire   x x x      SeeInvis .      - Unarmed
rCold   + + +      Faith    +    (shield currently unavailable)
rNeg    . . .      Spirit   .    (body armour unavailable)
rPois   +          Reflect  .    Q - melded +0 hat {Stlth+}
rElec   .          Rampage  .    H - melded +0 cloak
rCorr   .                        v - melded +1 pair of gloves {Dex+3}
Will    .....                    (boots currently unavailable)
Stlth   ++                       E
                                   - Hermit's Pendant {Faith Invo=14 Evo=0 MP+5}
HPRegen 0.37/turn                I - ring of ice
MPRegen 0.21/turn                i - ring of ice

@: ice-form, corroded, freezing walls
A: freezing attack, amphibious, boosted hp, (breathe lightning), AC +7, large,
unfitting armour, (electricity resistance), (cold-blooded), (hooves 1), weak 1
a: End Transformation, Renounce Religion, Channel Magic, Forget Spell, Divine
Exegesis


You were on level 11 of the Dungeon.
You worshipped Sif Muna.
Sif Muna was greatly pleased with you.
You were a creature of crystalline ice.
You visited 2 branches of the dungeon, and saw 12 of its levels.
You also visited: Sewer and Ossuary.

You collected 662 gold pieces.

Inventory:

Hand Weapons
 b - the +7 long sword "Voasch" {freeze, Fly rC- SInv}
   (You found it on level 5 of the Dungeon)

   rC:        It makes you vulnerable to cold.
   SInv:      It lets you see invisible.
   Fly:       It grants you flight.
 t - a +1 dagger of protection
 M - the +2 mace "Nofu" {antimagic, Fly rF++ rC+}
   (You found it on level 7 of the Dungeon)

   rF:        It greatly protects you from fire.
   rC:        It protects you from cold.
   Fly:       It grants you flight.
Missiles
 f - a throwing net
 g - 9 poisoned darts
 O - a curare-tipped dart
Armour
 v - a +1 pair of gloves of dexterity (melded)
 y - a +2 kite shield of protection
 H - a +0 cloak (melded)
 Q - a +0 hat of stealth (melded)
Jewellery
 i - a ring of ice (right front paw)
 x - a ring of positive energy
 E - the Hermit's Pendant (around neck) {Faith Invo=14 Evo=0 MP+5}
   (You found it on level 5 of the Dungeon)

   [amulet of faith]

   Invo=14: It sets your Invocations skill to 14.
   Evo=0: It sets your Evocations skill to 0.
   It allows you to gain divine favour quickly.
   MP:        It affects your magic capacity (+5).
 I - a ring of ice (left front paw)
 K - a ring of flight
Wands
 a - a wand of flame (10)
 w - a wand of paralysis (15)
 J - a wand of acid (20)
Scrolls
 e - 2 scrolls of fog {unknown}
 j - 2 scrolls of blinking {unknown}
 l - 4 scrolls of poison
 n - 6 scrolls of teleportation
 p - 2 scrolls of noise
 s - 4 scrolls of enchant weapon {unknown}
 z - 3 scrolls of fear
 A - 2 scrolls of immolation {unknown}
 C - 3 scrolls of amnesia
 P - a scroll of torment {unknown}
 R - a scroll of butterflies {unknown}
Potions
 c - 2 potions of degeneration
 d - 3 potions of invisibility {unknown}
 h - 3 potions of mutation
 k - 7 potions of curing
 m - 3 potions of haste
 o - 2 potions of berserk rage {unknown}
 q - 6 potions of flight
 r - 4 potions of heal wounds
 u - 2 potions of ambrosia
 B - 3 potions of attraction
 D - a potion of brilliance
 F - 3 potions of cancellation
 G - 4 potions of lignification {unknown}
 L - a potion of magic
 S - a potion of might {unknown}
Miscellaneous
 N - a lightning rod (4/4)


   Skills:
 - Level 5.3 Fighting
 - Level 5.2 Dodging
 - Level 1.7 Stealth
 - Level 7.2 Unarmed Combat
 - Level 8.0 Spellcasting
 + Level 3.3 Conjurations
 + Level 3.4 Translocations
 - Level 7.0 Transmutations
 - Level 7.0 Ice Magic
 - Level 4.3 Earth Magic


You had 14 spell levels left.
You knew the following spells:

 Your Spells              Type           Power      Damage    Failure   Level
a - Sandblast             Erth           50%        2d12      1%          1
b - Passwall              Tmut/Erth      25%        N/A       1%          2
c - Frozen Ramparts       Ice            100%       1d16      1%          3
d - Wereblood             Tmut           36%        N/A       1%          2
e - Ice Form              Ice/Tmut       69%        N/A       4%          4

Your spell library contained the following spells:

 Spells                   Type           Power      Damage    Failure   Level
 Beastly Appendage        Tmut           72%        N/A       1%          1
 Hailstorm                Conj/Ice       59%        3d13      3%          3
 Kiss of Death            Conj/Necr      56%        2d9       4%          1
 Stone Arrow              Conj/Erth      46%        3d9       5%          3
 Spider Form              Tmut/Pois      22%        N/A       6%          3
 Necrotise                Necr           32%        1d5       9%          1
 Petrify                  Tmut/Erth      30%        N/A       9%          4
 Dazzling Flash           Conj/Hex       28%        N/A       13%         3
 Kindle Blastsparks       Fire/Tloc/Air  24%        2d12      16%         3
 Summon Ice Beast         Ice/Summ       49%        N/A       21%         4
 Iskenderun's Mystic Bla  Conj/Tloc      21%        2d6       22%         4
 Vampiric Draining        Necr           8%         2d6       26%         3
 Lee's Rapid Deconstruct  Erth           12%        3d9*      36%         5
 Fulminant Prism          Conj/Hex       7%         3d7       38%         4
 Agony                    Necr           8%         N/A       93%         5
 Silence                  Hex/Air        4%         N/A       93%         5
 Haunt                    Necr/Summ      4%         N/A       100%        7
 Death's Door             Necr           4%         N/A       100%        9


Dungeon Overview and Level Annotations

Branches:
Dungeon (11/15)            Temple (1/1) D:5            Lair (0/5) D:8
  Sewer (visited)         Ossuary (visited)
    Orc: D:9-12

Altars:
Ashenzari
Cheibriados
Dithmenos
Elyvilon
Fedhas
Gozag
Hepliaklqana
Kikubaaqudgha
Makhleb
Nemelex Xobeh
Okawaru
Qazlal
Ru
Sif Muna
Trog
Uskayaw
Vehumet
Wu Jian
Xom
Yredelemnul
Zin
The Shining One

Shops:
D:1 [   D:10 *

Annotations:
D:3 1 runed translucent door, Crazy Yiuf


Innate Abilities, Weirdness & Mutations

You are a creature of crystalline ice.
You have a powerful freezing melee attack.
You are amphibious.
Your maximum health is increased.
Your armour is entirely melded.
You are incapable of wielding weapons or throwing items.
((You can breathe wild blasts of lightning.))
((Your glossy black scales are hard. (AC +7)))
You cannot fit into any form of body armour.
((You are resistant to electric shocks. (rElec)))
((You are cold-blooded and may be slowed by cold attacks.))
((You have large cloven feet.))
You are weak. (Str -2)


Message History

Casting: Sandblast (safe; 1% risk of failure)
Confirm with . or Enter, or press ? or * to list all spells.
Casting: Frozen Ramparts (safe; 1% risk of failure)
Press: ? - help, Dir - look around, f - activate You feel a strong surge of power!
The walls around you are covered in ice.
Unknown command.
Casting: Frozen Ramparts (safe; 1% risk of failure)
Confirm with . or Enter, or press ? or * to list all spells.
Aiming: Sandblast (safe; 1% risk of failure)
Press: ? - help, Shift-Dir - straight line, f - acid dragon
Aim: an acid dragon (heavily wounded, 83% to hit)
The blast of sand hits the acid dragon.
The acid dragon is severely wounded.
The acid dragon bites you!
* * * LOW HITPOINT WARNING * * *
The acid dragon claws you.
* * * LOW HITPOINT WARNING * * *
You feel much better. The acid dragon spits acid at you.
The splash of acid hits you!
* * * LOW HITPOINT WARNING * * *
The acid corrodes you!
Your frozen ramparts will break if you move.
Continue?
The acid dragon attacks as you move away!
The acid dragon closely misses you. The acid dragon barely misses you.
The frozen ramparts melt away as you move.
Casting: Sandblast (safe; 1% risk of failure)
Confirm with . or Enter, or press ? or * to list all spells.
Casting: Frozen Ramparts (safe; 1% risk of failure)
Press: ? - help, Dir - look around, f - activate You feel a strong surge of power!
The walls around you are covered in ice.
The wall freezes the acid dragon.
The acid dragon barely misses you. The acid dragon claws you.
* * * LOW HITPOINT WARNING * * *
Your frozen ramparts will break if you move.
Continue?
The acid dragon attacks as you move away!
The acid dragon bites you!
You die...

.. ##)...........###
.###.)........^.....
........................
........................
........................
..........###...........
.........## ##..........
.........# #..........
.........# ##Y.........
...... #.D.........
....................
..................
..................
..................
..................
..................
..<...............


You could see an acid dragon (catching breath).

Vanquished Creatures
  Gastronok (D:9)
  3 two-headed ogres
  An unseen horror (D:10)
  A troll (D:10)
  Sigmund (D:3)
  A shadow (D:9)
  6 yaks
  A wraith (D:10)
  6 wyverns
  2 vampire mosquitoes (D:10)
  2 steam dragons
  Duvessa (D:4)
  4 water moccasins
  4 ice beasts
  An orc warrior (D:9)
  2 centaurs
  2 phantoms
  6 bullfrogs
  A gnoll sergeant (D:10)
  2 kobold brigands
  3 water moccasin zombies (Ossuary)
  4 scorpions
  6 wights
  Dowan (D:4)
  9 killer bees
  3 howler monkeys (D:7)
  2 centaur zombies (Ossuary)
  5 hounds
  A bullfrog zombie (Ossuary)
  3 orc priests
  2 jellies (D:5)
  2 human zombies (Ossuary)
  Jessica (D:3)
  A sleepcap (D:8)
  2 iguanas
  8 orc wizards
  A mummy (Ossuary)
  3 gnolls (D:10)
  8 adders
  A river rat (Sewer)
  3 white imps
  7 adder zombies (Ossuary)
  4 worms
  4 dart slugs
  21 orcs
  8 ball pythons
  6 endoplasms
  A giant cockroach (D:1)
  7 goblins
  7 hobgoblins
  16 jackals
  2 quokkas
  2 bats
  4 frilled lizards
  3 gnoll zombies (Ossuary)
  4 goblin zombies (Ossuary)
  4 hobgoblin zombies (Ossuary)
  16 kobolds
  2 orc zombies (Ossuary)
  16 rats
251 creatures vanquished.

Vanquished Creatures (others)
  2 fungi (D:8)
  26 plants (D:8)
28 creatures vanquished.

Grand Total: 279 creatures vanquished

Notes
Turn   | Place    | Note
-------+----------+-------------------------------------------
     0 | D:1      | NinjaNoafa the Draconian Earth Elementalist began the quest
                  | for the Orb.
     0 | D:1      | Reached XP level 1. HP: 14/14 MP: 3/3
   154 | D:1      | Reached XP level 2. HP: 18/20 MP: 0/5
   160 | D:1      | Learned a level 2 spell: Passwall
   410 | D:1      | Reached XP level 3. HP: 24/26 MP: 1/6
   427 | D:1      | Found Gitreat's Antique Armour Shop.
   528 | D:1      | Found a faded altar of an unknown god.
  1148 | D:3      | Noticed Sigmund
  1160 | D:3      | Gained mutation: You have large cloven feet. [potion of
                  | mutation]
  1160 | D:3      | Gained mutation: You are weak. (Str -2) [potion of
                  | mutation]
  1259 | D:3      | Found a sacrificial altar of Ru.
  1271 | D:3      | Reached XP level 4. HP: 29/33 MP: 1/8
  1277 | D:3      | Reached skill level 3 in Spellcasting
  1453 | D:3      | Noticed Jessica
  1461 | D:3      | Killed Jessica
  1732 | D:3      | Found a runed translucent door.
  1733 | D:3      | Noticed Crazy Yiuf
  1842 | D:3      | Killed Sigmund
  1843 | D:3      | Reached XP level 5. HP: 27/38 MP: 4/10
  1843 | D:3      | Reached XP level 6. HP: 32/45 MP: 4/11
  2358 | D:4      | Noticed Dowan
  2361 | D:4      | Noticed Duvessa
  2372 | D:4      | Killed Duvessa
  2373 | D:4      | Reached skill level 4 in Spellcasting
  2373 | D:4      | Reached skill level 5 in Earth Magic
  2385 | D:4      | Killed Dowan
  2406 | D:4      | Found a glowing drain.
  2430 | D:4      | Your scales start taking on a glossy black colour.
  2430 | D:4      | Reached XP level 7. HP: 33/50 MP: 3/13
  2430 | D:4      | Gained mutation: You are resistant to electric shocks.
                  | (rElec) [Black Draconian growth]
  2438 | Sewer    | Entered a sewer
  2516 | Sewer    | Reached skill level 5 in Spellcasting
  2592 | Sewer    | Found a white marble altar of Elyvilon.
  3460 | D:5      | Entered Level 5 of the Dungeon
  3465 | D:5      | Found a staircase to the Ecumenical Temple.
  3487 | D:5      | Found the Hermit's Pendant {Faith Invo=14 Evo=0 MP+5}
  3510 | Temple   | Entered the Ecumenical Temple
  3579 | D:5      | Identified the +7 long sword "Voasch" {freeze, Fly rC-
                  | SInv}
  3710 | Temple   | Became a worshipper of Sif Muna the Loreminder
  3859 | D:5      | Reached skill level 5 in Transmutations
  3897 | D:5      | Found a snail-covered altar of Cheibriados.
  4179 | D:5      | Reached skill level 1 in Ice Magic
  4189 | D:5      | Reached skill level 6 in Spellcasting
  4189 | D:5      | Reached XP level 8. HP: 43/57 MP: 18/18
  4732 | D:5      | Learned a level 3 spell: Frozen Ramparts
  4822 | D:6      | Found an ornate altar of the Wu Jian Council.
  4831 | D:6      | Noticed a spectral centipede
  4831 | D:6      | Noticed a spectral black mamba
  4981 | D:6      | Reached skill level 7 in Spellcasting
  5146 | D:6      | Reached skill level 5 in Ice Magic
  5146 | D:6      | Reached * piety under Sif Muna
  5147 | D:6      | Reached skill level 1 in Fighting
  5488 | D:7      | Identified the +2 mace "Nofu" {antimagic, Fly rF++ rC+}
  5558 | D:7      | Found a sparkling altar of Nemelex Xobeh.
  5558 | D:7      | Found a blossoming altar of Fedhas.
  5668 | D:7      | Got the Exposition on Nival Shades
  5687 | D:7      | Found an iron altar of Okawaru.
  5986 | D:7      | Reached XP level 9. HP: 67/68 MP: 19/19
  6383 | D:8      | Found a broken altar of Ashenzari.
  6410 | D:8      | Reached skill level 5 in Dodging
  6410 | D:8      | Found a staircase to the Lair.
  6413 | D:8      | Found a sand-covered staircase.
  6422 | Ossuary  | Entered an ossuary
  6427 | Ossuary  | Learned a level 2 spell: Wereblood
  6432 | Ossuary  | Learned a level 4 spell: Ice Form
  6505 | Ossuary  | Reached ** piety under Sif Muna
  6596 | Ossuary  | Reached skill level 1 in Unarmed Combat
  6641 | Ossuary  | Noticed a silent spectre
  7027 | D:8      | Reached XP level 10. HP: 34/80 MP: 8/21
  7038 | D:8      | Reached *** piety under Sif Muna
  7235 | D:8      | Reached skill level 5 in Fighting
  7392 | D:8      | Identified the +2 shortbow "Umuniakh" {flame, rElec}
  8069 | D:9      | Noticed Gastronok
  8087 | D:9      | Killed Gastronok
  8088 | D:9      | Reached skill level 5 in Unarmed Combat
  8216 | D:9      | Found a white marble altar of Elyvilon.
  8400 | D:9      | Noticed a two-headed ogre
  8408 | D:9      | Killed a two-headed ogre
  8935 | D:10     | Entered Level 10 of the Dungeon
  8964 | D:10     | Found Yczor's Neck Hole.
  9103 | D:10     | Found a radiant altar of Vehumet.
  9177 | D:10     | Reached XP level 11. HP: 36/86 MP: 22/22
  9532 | D:10     | Reached skill level 8 in Spellcasting
  9539 | D:10     | Reached skill level 1 in Conjurations
  9539 | D:10     | Reached skill level 1 in Translocations
 10037 | D:11     | Noticed a two-headed ogre
 10052 | D:11     | Noticed a two-headed ogre
 10057 | D:11     | Killed a two-headed ogre
 10062 | D:11     | Killed a two-headed ogre
 10062 | D:11     | Reached **** piety under Sif Muna
 10095 | D:11     | Slain by an acid dragon

Illustrated notes

Levels and vault maps discovered:
D:1:      minmay_arrival_open_corners, layout_basic, serial_shops,
          nicolae_shop_statue_plus,
          dreamdust_ecumenical_altar_angels_and_demons, minmay_quantized
D:2:      layout_rooms
D:3:      layout_loops_corners, nicolae_ru_great_annihilating_truth,
          minmay_fractal_squares_gapless_5, uniq_jessica, uniq_sigmund,
          uniq_crazy_yiuf_cottage
D:4:      layout_basic, cheibrodos_sewer_entry_drain, minmay_joined_circles,
          uniq_duvessa
D:5:      layout_loops_corners, lemuel_doored_altar,
          minmay_temple_entry_large_hall
D:6:      layout_cave_pools, pdpol_wu_jian_five_deadly_venoms
D:7:      layout_cave_pods, mainiacjoe_overflow_alcove_2,
          amethyst_overflow_temple_binary
D:8:      layout_loops_cross, cheibrodos_ashenzari_chains,
          minmay_lair_entry_grove, enter_ossuary_1
D:9:      layout_irregular_city, overflow_temple_1_default, uniq_gastronok
D:10:     layout_grid_maze, nicolae_vehumet_altar_sigil,
          nicolae_shop_sticking_my_neck_out
D:11:     layout_big_octagon
Temple:   nicolae_temple_god_jail

Skill      XL: |  1  2  3  4  5  6  7  8  9 10 11 |
---------------+----------------------------------+-----
Transmutations | 2 3 4 5 7 |  7.0
Spellcasting   | 3 4 6 7 8 |  8.0
Earth Magic    | 4 4 |  4.3
Ice Magic      | 1 5 7 |  7.0
Fighting       | 2 4 5 |  5.3
Dodging        | 2 5 |  5.2
Unarmed Combat | 2 7 |  7.2
Conjurations   | 3 |  3.3
Translocations | 3 |  3.4
Stealth        | |  1.7

Action                     |  1- 3 |  4- 6 |  7- 9 | 10-12 || total
---------------------------+-------+-------+-------+-------++-------
  Melee: Dagger            |    35 |    20 |    11 |     1 ||    67
         Tailslap          |     1 |     4 |       |     2 ||     7
         Punch             |     1 |       |       |       ||     1
         Kick              |       |     4 |     4 |     1 ||     9
         Unarmed           |       |       |   150 |    91 ||   241
   Cast: Sandblast         |    49 |    63 |   154 |    34 ||   300
         Passwall          |     1 |     3 |     1 |       ||     5
         Frozen Ramparts   |       |       |    10 |    20 ||    30
         Wereblood         |       |       |    10 |    13 ||    23
         Ice Form          |       |       |     8 |    15 ||    23
Ability: Breathe Lightning |       |       |    21 |     6 ||    27
         End Transformatio |       |       |     1 |     7 ||     8
    Use: Potion            |     2 |     1 |     1 |     3 ||     7
         Scroll            |       |     1 |     9 |     2 ||    12
   Stab: Sleeping          |       |     1 |       |       ||     1
 Armour: Skin              |    17 |    14 |   136 |   110 ||   277
  Dodge: Dodged            |    40 |    38 |   231 |   101 ||   410

Table legend: (Time is in decaauts)
 A = Elapsed time spent in this place.
 B = Non-inter-level travel time spent in this place.
 C = Inter-level travel time spent in this place.
 D = Time resting spent in this place.
 E = Time spent auto-exploring this place.
 F = Levels seen in this place.
 G = Mean time per level.
                   A        B        C        D        E       F      G
               +--------+--------+--------+--------+--------+-----+--------+
         Total |  10278 |   9867 |    411 |      0 |   6662 |  14 |  734.1 |
       Dungeon |   9591 |   9207 |    384 |      0 |   6413 |  11 |  871.9 |
        Temple |    126 |     99 |     27 |      0 |     71 |   1 |  126.0 |
         Sewer |    295 |    295 |      0 |      0 |    146 |   1 |  295.0 |
       Ossuary |    265 |    265 |      0 |      0 |     32 |   1 |  265.0 |
               +--------+--------+--------+--------+--------+-----+--------+

Top non-repeatable levels by time:
     D:8: 1351 daAuts
     D:3: 1266 daAuts
     D:5: 1165 daAuts
    D:10: 1113 daAuts
     D:9: 1003 daAuts
     D:7: 902 daAuts
     D:4: 877 daAuts
     D:1: 784 daAuts
     D:6: 728 daAuts
     D:2: 341 daAuts
   Sewer: 295 daAuts
 Ossuary: 265 daAuts
  Temple: 126 daAuts
    D:11: 57 daAuts
